 Dungeon Crawl Stone Soup version 0.31-a0-851-g7ff8af7976 (webtiles) character file.

Game seed: 13293217718790088309

31871 benadryl the Thaumaturge (level 13, 0/96 HPs)
             Began as a Djinni Ice Elementalist on Oct 7, 2023.
             Was a Believer of Uskayaw.
             Killed from afar by an oklob plant (22 damage)
             ... with a splash of acid
             ... on level 2 of the Lair of Beasts.
             The game lasted 00:38:33 (19570 turns).

benadryl the Thaumaturge (Djinni Ice Elementalist) Turns: 19570, Time: 00:38:33

Health: 0/96       AC: -6    Str:  7    XL:     13   Next: 99%
Gold:   1289       EV: 15    Int: 26    God:    Uskayaw [**....] SH:  4 Dex: 16

rFire   + + +        g - +0 dagger (speed)
rCold   + + .        n - +0 buckler
rNeg    + . .        S - +1 robe {rC+}
rPois   ∞            F - +2 helmet
rElec   .            (no cloak)
rCorr   .            (no gloves)
SInv    .            (boots unavailable)
Will    +....        c - amulet "Uskoim" {Acrobat rF+ rN+}
Stlth   ++++         t - ring of Kubuplal {Fly rC+ Int+6}
HPRegen 0.36/turn    G - ring of protection from cold
MPRegen 0.00/turn

%: acrobat, infuse magic (-1 HP)
@: corroded, flying, studying Axes
A: sickness immunity, fire resistance 2, cold vulnerability 1, float, innate
caster, HP casting, extra vitality 1
a: Renounce Religion, Stomp, Line Pass


You were on level 2 of the Lair of Beasts.
You worshipped Uskayaw.
Uskayaw was aware of your devotion.
You visited 3 branches of the dungeon, and saw 14 of its levels.
You also visited: Bailey and Gauntlet.

You collected 1289 gold pieces.

Inventory:

Hand Weapons
 d - a +3 whip of protection
 g - a +0 dagger of speed (weapon)
 m - a +2 dagger of holy wrath
 R - the +9 great sword "Bedina Gesmu" {speed, Dex+2}
   (You found it on level 11 of the Dungeon)

   Dex+2:     It affects your dexterity (+2).
Missiles
 J - 10 throwing nets
 W - 6 silver javelins
Armour
 a - a +0 robe
 f - a +1 hat
 k - a +2 robe of fire resistance
 n - a +0 buckler (worn)
 F - a +2 helmet (worn)
 S - a +1 robe of cold resistance (worn)
 V - the +1 cloak of Pan-Flutes {Rampage rC++ Will- rCorr}
   (You found it in a Gauntlet)

   rC++:      It greatly protects you from cold.
   Will-:     It decreases your willpower.
   rCorr:     It protects you from acid and corrosion.
   Rampage:   It bestows one free step when moving towards enemies.
Magical Staves
 r - a staff of air
 X - a staff of earth
Jewellery
 c - the amulet "Uskoim" (around neck) {Acrobat rF+ rN+}
   (You acquired it on level 2 of the Dungeon)

   [amulet of the acrobat]

   Acrobat:   It increases your evasion while moving and waiting.
   rF+:       It protects you from fire.
   rN+:       It protects you from negative energy.
 t - the ring of Kubuplal (left hand) {Fly rC+ Int+6}
   (You took it off an orc on level 5 of the Dungeon)

   [ring of flight]

   Int+6:     It affects your intelligence (+6).
   rC+:       It protects you from cold.
   Fly:       It grants you flight.
 A - a ring of fire
 E - a ring of positive energy
 G - a ring of protection from cold (right hand)
 Q - an amulet of the acrobat
Wands
 o - a wand of digging (10)
 u - a wand of light (8)
 w - a wand of mindburst (26)
 D - a wand of charming (3)
 Y - a wand of polymorph (3)
Scrolls
 e - 2 scrolls of silence
 i - 7 scrolls of teleportation
 q - 2 scrolls of summoning
 y - 2 scrolls of amnesia
 z - 4 scrolls of enchant armour
 I - a scroll of acquirement
 K - 2 scrolls of noise
 L - 6 scrolls of blinking
 O - a scroll of enchant weapon
 P - a scroll of revelation
Potions
 b - a potion of might
 h - a potion of enlightenment
 j - 3 potions of curing {@q1}
 l - 3 potions of ambrosia
 p - 4 potions of cancellation
 s - a potion of heal wounds
 v - 2 potions of lignification
 x - 3 potions of haste
 B - a potion of resistance
 C - 3 potions of attraction
 H - 2 potions of mutation
 M - a potion of brilliance
 T - 2 potions of berserk rage
 Z - a potion of magic {unknown}
Miscellaneous
 U - a phial of floods


   Skills:
 - Level 10.0 Fighting
 - Level 7.3 Dodging
 - Level 9.3 Stealth
 * Level 11.2 Spellcasting
 * Level 11.2 Conjurations
 * Level 11.2 Hexes
   Level 0.0 Charms
 * Level 11.2 Summonings
 * Level 11.2 Necromancy
 * Level 11.2 Translocations
 * Level 11.2 Transmutations
 * Level 11.2 Fire Magic
 * Level 11.2 Ice Magic
 * Level 11.2 Air Magic
 * Level 11.2 Earth Magic
 * Level 11.2 Poison Magic
 - Level 10.0 Invocations


You knew the following spells:

 Your Spells              Type           Power      Damage    Failure   Level
a - Freeze                Ice            100%       1d10      1%          1
b - Frozen Ramparts       Ice            100%       1d16      1%          3
c - Ozocubu's Armour      Ice            64%        N/A       1%          3
d - Summon Ice Beast      Ice/Summ       64%        N/A       1%          4
e - Sandblast             Erth           100%       2d20      1%          1
f - Momentum Strike       Conj/Tloc      100%       3d10      1%          2
g - Call Imp              Summ           100%       N/A       1%          2
h - Gell's Gravitas       Tloc           64%        N/A       1%          3
i - Irradiate             Conj/Tmut      32%        3d22      1%          5
j - Yara's Violent Unrav  Hex/Tmut       32%        3d13      1%          5
Your spell library was empty.

Dungeon Overview and Level Annotations

Branches:
Dungeon (11/15)            Temple (1/1) D:5            Lair (2/5) D:10
 Shoals (0/4) Lair:2       Bailey (visited)         Gauntlet (visited)
  Snake: Lair:2-3    Spider: Lair:2-3       Orc: D:9-12

Altars:
Ashenzari
Cheibriados
Dithmenos
Elyvilon
Fedhas
Gozag
Hepliaklqana
Makhleb
Nemelex Xobeh
Okawaru
Qazlal
Ru
Trog
Uskayaw
Wu Jian
Xom
Yredelemnul
Zin
The Shining One

Shops:
D:2 *   D:5 =?   D:9 ?

Annotations:
Lair:2 exclusion: oklob plant


Innate Abilities, Weirdness & Mutations

You are immune to sickness and miasma.
You are immune to poison.
Your flesh is very heat resistant. (rF++)
You are vulnerable to cold. (rC-)
You float through the air rather than walking.
You learn spells naturally, not from books.
Your magical power is your life essence.
You have superior vitality. (+4 MHP)


Message History

Press: ? - help, Q - select action, (/) - cycle Shift-Dir - straight line, f/p - oklob plant
Aim: an oklob plant (severely damaged, 100% to hit)
The blast of sand hits the oklob plant.
The oklob plant is severely damaged.
Aiming: Sandblast (safe; 1% risk of failure)
Press: ? - help, Q - select action, (/) - cycle Shift-Dir - straight line, f/p - oklob plant
Aim: an oklob plant (severely damaged, 100% to hit)
The blast of sand hits the oklob plant!
The oklob plant is almost destroyed.
The oklob plant spits acid at you. The splash of acid hits you!
The acid corrodes you!
Aiming: Sandblast (safe; 1% risk of failure)
Press: ? - help, Q - select action, (/) - cycle Shift-Dir - straight line, f/p - oklob plant
Aim: an oklob plant (almost destroyed, 100% to hit)
The blast of sand hits the oklob plant but does no damage.
The oklob plant is almost destroyed.
Aiming: Sandblast (safe; 1% risk of failure)
Press: ? - help, Q - select action, (/) - cycle Shift-Dir - straight line, f/p - oklob plant
Aim: an oklob plant (almost destroyed, 100% to hit)
The blast of sand hits the oklob plant but does no damage.
The oklob plant is almost destroyed.
The oklob plant spits acid at you. The splash of acid hits you!
* * * LOW HITPOINT WARNING * * *
The acid corrodes you!
Aiming: Sandblast (safe; 1% risk of failure)
Press: ? - help, Q - select action, (/) - cycle Shift-Dir - straight line, f/p - oklob plant
Aim: an oklob plant (almost destroyed, 100% to hit)
The blast of sand hits the oklob plant but does no damage.
The oklob plant is almost destroyed.
* * * LOW HITPOINT WARNING * * *
Aiming: Sandblast (safe; 1% risk of failure)
Press: ? - help, Q - select action, (/) - cycle Shift-Dir - straight line, f/p - oklob plant
Aim: an oklob plant (almost destroyed, 100% to hit)
The blast of sand hits the oklob plant but does no damage.
The oklob plant is almost destroyed.
* * * LOW HITPOINT WARNING * * *
The oklob plant spits acid at you. The splash of acid hits you!!
You die...

.......,,.....###.##......#
.......,,,...#*#..........#
.....#.,,,...###..........#
.....##***#.*#............#*
.....## **,#.............*
.....## *##............#*
.....## #P............#*
.....#### ##.............*
###..##.# ##.@##.......#*
..##....####**#...###......*
...........#,*#...P#*.....#*
........#....##....P#.....*
...#...##*..###...P##**..,*
.......# ***# #.P.PP*,*,,**
...#...# #....P#,*,,*
..####.# #.#.PP.,*,,* ####
### ##*....#*,,*


You could see an oklob plant.

Vanquished Creatures
  An orc warlord (Bailey)
  A minotaur (Gauntlet)
  Fannar (Lair:1)
  A hydra (Lair:2)
  A two-headed ogre (D:9)
  A death scarab (Gauntlet)
  Lodul (D:10)
  A death drake (Gauntlet)
  A deep elf pyromancer (D:7)
  A merfolk siren (Lair:2)
  2 centaur zombies (Gauntlet)
  A gargoyle (D:11)
  A black mamba (Lair:1)
  4 cane toads
  A rime drake (Lair:2)
  4 komodo dragons
  4 trolls
  2 hornets
  A polar bear (Lair:1)
  17 blink frogs
  Grinder (D:3)
  A meliai zombie (Gauntlet)
  Sigmund (D:2)
  19 yaks
  6 wyverns
  4 vampire mosquitoes (D:11)
  5 basilisks
  3 chaos spawn (Gauntlet)
  2 steam dragons
  A spectral cane toad (Gauntlet)
  3 acid dragons
  10 water moccasins
  3 black bears
  15 orc warriors
  3 ice beasts
  A sky beast (D:7)
  9 wolves
  14 ogres
  2 centaurs
  2 kobold brigands
  A phantom (D:4)
  A gnoll sergeant (D:9)
  7 bullfrogs
  5 necrophages
  6 scorpions
  14 wights
  16 killer bees
  6 electric eels
  4 howler monkeys
  4 orc priests
  9 hounds
  3 gnoll boudas (D:9)
  Ijyb (D:5)
  2 sleepcaps
  7 iguanas
  9 orc wizards
  6 hell rats (Lair:1)
  Terence (D:2)
  37 gnolls
  4 adders
  A shadow imp (D:7)
  6 white imps
  An ufetubus (D:4)
  A worm (D:5)
  A dart slug (D:3)
  35 orcs
  13 ball pythons
  6 bats
  7 endoplasms
  6 giant cockroaches
  16 hobgoblins
  6 jackals
  18 kobolds
  5 quokkas
  5 frilled lizards
  22 goblins
  3 rats
447 creatures vanquished.

Vanquished Creatures (collateral kills)
  A catoblepas (Lair:1)
  An ugly thing (D:7)
  Maggie (D:9)
  A vampire mosquito (D:11)
  2 gnoll sergeants (D:9)
  2 jellies (D:7)
  A gnoll bouda (D:7)
  3 gnolls (D:7)
  A dart slug (D:4)
13 creatures vanquished.

Grand Total: 460 creatures vanquished

Notes
Turn   | Place    | Note
-------+----------+-------------------------------------------
     0 | D:1      | benadryl the Djinni Ice Elementalist began the quest for
                  | the Orb.
     0 | D:1      | benadryl set off with the following spells memorised:
                  | Freeze, Frozen Ramparts, Ozocubu's Armour, Summon Ice
                  | Beast.
     0 | D:1      | Reached XP level 1. HP: 15/15 MP: 0/0
   100 | D:1      | Reached skill level 1 in Fighting
   156 | D:1      | Reached XP level 2. HP: 13/22 MP: 0/0
   508 | D:1      | Reached XP level 3. HP: 29/29 MP: 0/0
   508 | D:1      | Learned a level 1 spell: Sandblast
  1443 | D:2      | Found Weipupsi's Assorted Antiques.
  1448 | D:2      | Reached XP level 4. HP: 35/35 MP: 0/0
  1583 | D:2      | Noticed Sigmund
  1593 | D:2      | Killed Sigmund
  1594 | D:2      | Reached skill level 5 in Fighting
  1594 | D:2      | Reached XP level 5. HP: 19/43 MP: 0/0
  1594 | D:2      | Learned a level 2 spell: Momentum Strike
  1594 | D:2      | Reached XP level 6. HP: 21/49 MP: 0/0
  1789 | D:2      | Noticed Terence
  1803 | D:2      | Killed Terence
  2096 | D:2      | Identified a scroll of acquirement
  2096 | D:2      | Acquired the amulet "Uskoim" {Acrobat rF+ rN+}
  3059 | D:3      | Noticed Grinder
  3080 | D:3      | Killed Grinder
  3081 | D:3      | Reached skill level 5 in Spellcasting
  3081 | D:3      | Reached skill level 5 in Conjurations
  3081 | D:3      | Reached skill level 5 in Hexes
  3081 | D:3      | Reached skill level 5 in Summonings
  3081 | D:3      | Reached skill level 5 in Necromancy
  3081 | D:3      | Reached skill level 5 in Translocations
  3081 | D:3      | Reached skill level 5 in Transmutations
  3081 | D:3      | Reached skill level 5 in Fire Magic
  3081 | D:3      | Reached skill level 5 in Ice Magic
  3081 | D:3      | Reached skill level 5 in Air Magic
  3081 | D:3      | Reached skill level 5 in Earth Magic
  3081 | D:3      | Reached skill level 5 in Poison Magic
  3081 | D:3      | Reached XP level 7. HP: 14/54 MP: 0/0
  3081 | D:3      | Learned a level 2 spell: Call Imp
  3481 | D:4      | HP: 1/54 [wight/+2 falchion of freezing (4)]
  3487 | D:4      | HP: 2/54 [phantom (2)]
  3611 | D:4      | Reached XP level 8. HP: 36/59 MP: 0/0
  4453 | D:4      | Found a glowing golden altar of the Shining One.
  4800 | D:5      | Entered Level 5 of the Dungeon
  5028 | D:5      | Reached XP level 9. HP: 43/65 MP: 0/0
  5028 | D:5      | Learned a level 3 spell: Gell's Gravitas
  5406 | D:5      | Identified the ring of Kubuplal {Fly rC+ Int+6}
  5475 | D:5      | Found Hoagevi's Jewellery Boutique.
  5522 | D:5      | Found a staircase to the Ecumenical Temple.
  5530 | Temple   | Entered the Ecumenical Temple
  5576 | Temple   | Became a worshipper of Uskayaw the Reveller
  5628 | D:5      | Reached * piety under Uskayaw
  5813 | D:5      | Found Dompuep's Magic Scroll Shop.
  5964 | D:5      | Noticed Ijyb
  5968 | D:5      | Killed Ijyb
  6054 | D:6      | Reached ** piety under Uskayaw
  6976 | D:7      | Reached *** piety under Uskayaw
  6982 | D:7      | Reached **** piety under Uskayaw
  7424 | D:7      | Noticed a deep elf pyromancer
  7426 | D:7      | Noticed a brown ugly thing
  7453 | D:7      | Reached XP level 10. HP: 41/70 MP: 0/0
  7455 | D:7      | Killed a deep elf pyromancer
  7455 | D:7      | Reached ***** piety under Uskayaw
  7456 | D:7      | Reached skill level 10 in Spellcasting
  7456 | D:7      | Reached skill level 10 in Conjurations
  7456 | D:7      | Reached skill level 10 in Hexes
  7456 | D:7      | Reached skill level 10 in Summonings
  7456 | D:7      | Reached skill level 10 in Necromancy
  7456 | D:7      | Reached skill level 10 in Translocations
  7456 | D:7      | Reached skill level 10 in Transmutations
  7456 | D:7      | Reached skill level 10 in Fire Magic
  7456 | D:7      | Reached skill level 10 in Ice Magic
  7456 | D:7      | Reached skill level 10 in Air Magic
  7456 | D:7      | Reached skill level 10 in Earth Magic
  7456 | D:7      | Reached skill level 10 in Poison Magic
  8368 | D:7      | Killed a brown ugly thing
  9353 | D:8      | Reached skill level 5 in Stealth
  9364 | D:8      | Found an iron altar of Okawaru.
  9369 | D:8      | Found a bloodstained altar of Trog.
  9376 | D:8      | Found a stormy altar of Qazlal.
  9393 | D:8      | Found a glowing silver altar of Zin.
  9401 | D:8      | Found a blossoming altar of Fedhas.
  9406 | D:8      | Found a snail-covered altar of Cheibriados.
 10060 | D:9      | Reached skill level 1 in Invocations
 10087 | D:9      | Reached XP level 11. HP: 75/75 MP: 0/0
 10087 | D:9      | Learned a level 5 spell: Irradiate
 10096 | D:9      | Identified the +7 whip of Aczeqe {antimagic, rC- rN++
                  | Dex+5}
 10136 | D:9      | Noticed Maggie
 10144 | D:9      | Killed Maggie
 10455 | D:9      | Noticed a two-headed ogre
 10468 | D:9      | Killed a two-headed ogre
 10938 | D:9      | Found Qilifont's Magic Scroll Emporium.
 11323 | D:10     | Entered Level 10 of the Dungeon
 11452 | D:10     | Reached skill level 5 in Invocations
 11478 | D:10     | Found a flagged portal.
 11488 | Bailey   | Entered a bailey
 12247 | Bailey   | Noticed an orc warlord
 12255 | Bailey   | Killed an orc warlord
 12256 | Bailey   | Reached XP level 12. HP: 11/81 MP: 0/0
 12623 | D:10     | Noticed Lodul
 12628 | D:10     | Killed Lodul
 12631 | D:10     | Reached ****** piety under Uskayaw
 12664 | D:10     | Found a staircase to the Lair.
 14541 | D:11     | Identified the +9 great sword "Bedina Gesmu" {speed, Dex+2}
 14637 | Lair:1   | Entered Level 1 of the Lair of Beasts
 14857 | Lair:1   | Reached skill level 10 in Fighting
 15121 | Lair:1   | Noticed a catoblepas
 15127 | Lair:1   | Reached XP level 13. HP: 33/96 MP: 0/0
 15127 | Lair:1   | Learned a level 5 spell: Yara's Violent Unravelling
 15798 | Lair:1   | Noticed Fannar
 15807 | Lair:1   | Killed Fannar
 16118 | Lair:1   | Reached skill level 10 in Invocations
 16210 | Lair:1   | Killed a catoblepas
 16579 | Lair:1   | You are sucked into a shaft and drop 1 floor!
 16623 | Lair:2   | Noticed an eight-headed hydra
 16630 | Lair:2   | Killed an eight-headed hydra
 16631 | Lair:2   | Reached skill level 5 in Dodging
 16631 | Lair:2   | Found a gate leading to a gauntlet.
 16689 | Gauntlet | Entered a Gauntlet
 16689 | Gauntlet | Found a transporter.
 16796 | Gauntlet | Found a transporter.
 16798 | Gauntlet | Found a transporter.
 16813 | Gauntlet | Found a transporter.
 16814 | Gauntlet | Found a transporter.
 16824 | Gauntlet | Found a transporter.
 16840 | Gauntlet | Found a transporter.
 16850 | Gauntlet | Found a transporter.
 16860 | Gauntlet | Found a transporter.
 16874 | Gauntlet | Found a transporter.
 16882 | Gauntlet | Found a runed translucent gate.
 16883 | Gauntlet | Found a transporter.
 16883 | Gauntlet | Found a runed translucent gate.
 16885 | Gauntlet | Found a runed translucent gate.
 16886 | Gauntlet | Found a transporter.
 17096 | Gauntlet | Found a transporter.
 17422 | Gauntlet | Identified the +1 cloak of Pan-Flutes {Rampage rC++ Will-
                  | rCorr}
 17613 | Gauntlet | Noticed a minotaur
 17621 | Gauntlet | Killed a minotaur
 19570 | Lair:2   | Killed from afar by an oklob plant

Illustrated notes

Levels and vault maps discovered:
D:1:      matt_arrival_grand_opening, layout_basic,
          amcnicky_mini_corridor_feature, st_stairs_5
D:2:      layout_basic, serial_shops, nicolae_shop_waterfront,
          minmay_pentomino_o2, uniq_sigmund, uniq_terence
D:3:      layout_loops_ring, uniq_grinder
D:4:      nicolae_cairo_tiling, layout_basic, mainiacjoe_overflow_boulevard,
          minmay_vboxes
D:5:      layout_loops_ring, minmay_temple_entry_steel_oval, serial_shops,
          nicolae_shop_waterfront, nicolae_stop_n_shop_1, uniq_ijyb
D:6:      layout_cave_pods
D:7:      cheibrodos_fzero, layout_basic, ebering_dispersal_statue_hall
D:8:      layout_gridville, grunt_temple_overflow_octagram
D:9:      layout_big_octagon, serial_gnoll_camp, gnoll_camp_huts_moat,
          gnoll_camp_mini_shop, gnoll_camp_mini_house, gnoll_camp_mini_sergeant,
          gnoll_camp_mini_loothouse, uniq_maggie
D:10:     layout_long_grid, minmay_lair_entry_grove, enter_bailey_2, uniq_lodul
D:11:     layout_cave_pools
Temple:   nicolae_temple_two_arcs
Lair:1:   layout_regular_city, grunt_megastairs_3, uniq_fannar
Lair:2:   minmay_lair_oklob_tunnel, layout_cave_pods,
          minmay_shoals_entry_lonely_mermaid, gauntlet_entry_generic,
          roderic_carrion_pond, grunt_megastairs_1, serial_bayou_shore_a

Skill      XL: |  1  2  3  4  5  6  7  8  9 10 11 12 13 |
---------------+----------------------------------------+-----
Fighting       | 1 2 3 5 10 | 10.0
Spellcasting   | 5 7 9 10 11 | 11.2
Conjurations   | 5 7 9 10 11 | 11.2
Hexes          | 5 7 9 10 11 | 11.2
Summonings     | 5 7 9 10 11 | 11.2
Necromancy     | 5 7 9 10 11 | 11.2
Translocations | 5 7 9 10 11 | 11.2
Transmutations | 5 7 9 10 11 | 11.2
Fire Magic     | 5 7 9 10 11 | 11.2
Ice Magic      | 5 7 9 10 11 | 11.2
Air Magic      | 5 7 9 10 11 | 11.2
Earth Magic    | 5 7 9 10 11 | 11.2
Poison Magic   | 5 7 9 10 11 | 11.2
Stealth        | 6 9 |  9.3
Invocations    | 1 6 7 10 | 10.0
Dodging        | 7 |  7.3

Action                     |  1- 3 |  4- 6 |  7- 9 | 10-12 | 13-15 || total
---------------------------+-------+-------+-------+-------+-------++-------
  Melee: Unarmed           |    32 |       |       |       |       ||    32
         Punch             |     2 |     1 |       |       |       ||     3
         Whip              |    31 |    60 |       |       |       ||    91
         Dagger            |       |       |    38 |    72 |    36 ||   146
   Cast: Freeze            |    23 |    12 |     1 |       |       ||    36
         Frozen Ramparts   |     4 |     7 |     3 |     1 |     6 ||    21
         Ozocubu's Armour  |       |     4 |     1 |       |     2 ||     7
         Sandblast         |       |     5 |   124 |   196 |   105 ||   430
         Summon Ice Beast  |       |       |     4 |     6 |     2 ||    12
         Call Imp          |       |       |     2 |     3 |     1 ||     6
         Gell's Gravitas   |       |       |     2 |    80 |    17 ||    99
         Irradiate         |       |       |       |     7 |    12 ||    19
    Use: Scroll            |       |     6 |     9 |    10 |     4 ||    29
         Potion            |       |       |     6 |       |     2 ||     8
   Stab: Sleeping          |     7 |     2 |       |       |       ||     9
         Paralysed         |       |       |     2 |    26 |    15 ||    43
 Armour: Robe              |    46 |    36 |    90 |   164 |   114 ||   450
  Dodge: Dodged            |    72 |    57 |    88 |   148 |   103 ||   468
  Block: Buckler           |       |       |       |    39 |    35 ||    74

Table legend: (Time is in decaauts)
 A = Elapsed time spent in this place.
 B = Non-inter-level travel time spent in this place.
 C = Inter-level travel time spent in this place.
 D = Time resting spent in this place.
 E = Time spent auto-exploring this place.
 F = Levels seen in this place.
 G = Mean time per level.
                   A        B        C        D        E       F      G
               +--------+--------+--------+--------+--------+-----+--------+
         Total |  19757 |  19402 |    355 |   7795 |   8421 |  16 | 1234.8 |
       Dungeon |  13622 |  13293 |    329 |   3762 |   7405 |  11 | 1238.4 |
        Temple |     55 |     46 |      9 |      0 |      0 |   1 |   55.0 |
          Lair |   3622 |   3606 |     16 |   2148 |   1002 |   2 | 1811.0 |
        Bailey |   1097 |   1097 |      0 |    768 |     14 |   1 | 1097.0 |
      Gauntlet |   1360 |   1360 |      0 |   1117 |      0 |   1 | 1360.0 |
               +--------+--------+--------+--------+--------+-----+--------+

Top non-repeatable levels by time:
  Lair:1: 2346 daAuts
     D:4: 1816 daAuts
     D:9: 1626 daAuts
     D:6: 1433 daAuts
     D:7: 1433 daAuts
Gauntlet: 1360 daAuts
     D:1: 1341 daAuts
  Lair:2: 1275 daAuts
    D:10: 1256 daAuts
     D:2: 1176 daAuts
  Bailey: 1097 daAuts
    D:11: 990 daAuts
     D:8: 891 daAuts
     D:3: 879 daAuts
     D:5: 776 daAuts
